 Dungeon Crawl Stone Soup version 0.23.2 (webtiles) character file.

Game seed: 7849620927161628830

108 Borgoz the Sneak (level 4, -4/35 HPs)
             Began as a Ghoul Enchanter on Apr 4, 2019.
             Was an Initiate of Ashenzari.
             Slain by a river rat (10 damage)
             ... on level 3 of the Dungeon.
             The game lasted 00:04:45 (1958 turns).

Borgoz the Sneak (Ghoul Enchanter)                  Turns: 1958, Time: 00:04:46

Health: -4/35      AC:  5    Str:  9 (11) XL:     4   Next: 87%
Magic:  3/5        EV: 12    Int:  9 (10) God:    Ashenzari [......]
Gold:   104        SH:  0    Dex:  9 (10) Spells: 3/6 levels left

rFire    . . .     SeeInvis .   a - +1 dagger
rCold    + . .     Gourm    .   (no shield)
rNeg     + + +     Faith    .   b - +0 robe
rPois    ∞         Spirit   .   (no helmet)
rElec    .         Reflect  .   k - +0 cloak
rCorr    .         Harm     .   c - +1 pair of gloves
MR       .....                  (no boots)
Stlth    ++........             (no amulet)
HPRegen  0.00/turn              (no ring)
MPRegen  0.09/turn              (no ring)

@: rotting, drained
A: rotting body, claws 1, carnivore, cold resistance 1, negative energy
resistance 3, inhibited regeneration, torment resistance, unbreathing
a: Curse Item, Renounce Religion


You were on level 3 of the Dungeon.
You worshipped Ashenzari.
Ashenzari was noncommittal.
You were not hungry.

You visited 1 branch of the dungeon, and saw 3 of its levels.

You collected 104 gold pieces.

Inventory:

Hand Weapons
 a - a +1 dagger (weapon)
Armour
 b - a +0 robe (worn)
 c - a +1 pair of gloves (worn)
 k - a +0 cloak (worn)
 n - a cursed +0 shield
Jewellery
 p - an uncursed ring of protection from cold
Wands
 t - a wand of iceblast (11)
Scrolls
 e - a scroll of remove curse
 i - 3 scrolls of teleportation
 l - a scroll of immolation {unknown}
 m - a scroll of enchant armour {unknown}
 o - 2 scrolls of amnesia {unknown}
 r - 3 scrolls of identify {unknown}
Potions
 f - a potion of brilliance {unknown}
Comestibles
 d - 3 rations
 h - a chunk of flesh


   Skills:
 + Level 1.4(0.5) Fighting
 * Level 2.0(1.2) Short Blades
 * Level 2.0(1.2) Armour
 * Level 2.8(1.9) Dodging
 - Level 3.2(2.4) Stealth
 - Level 1.7(0.9) Spellcasting
 - Level 2.4(1.5) Hexes


You had 3 spell levels left.
You knew the following spells:

 Your Spells              Type           Power        Failure   Level  Hunger
a - Corona                Hex            #......      21%         1    ##.....
b - Ensorcelled Hibernat  Hex/Ice        #.....       38%         2    ###....

Your spell library contained the following spells:

 Spells                   Type           Power        Failure   Level  Hunger
 Confuse                  Hex            #.......     52%         3    ####...
 Tukima's Dance           Hex            #.......     52%         3    ####...
 Dazzling Spray           Conj/Hex       #.....       63%         3    ####...


Dungeon Overview and Level Annotations

Branches:
Dungeon (3/15)

Altars:
Ashenzari

Portals:
Sewer: D:3

Annotations:
D:3 Ijyb, Robin


Innate Abilities, Weirdness & Mutations

Your body is rotting away.
You thrive on raw meat.
You are immune to poison.
You have sharp fingernails.
You are carnivorous and can eat meat at any time.
Your flesh is cold resistant. (rC+)
You are immune to negative energy. (rN+++)
You do not regenerate when monsters are visible.
You are immune to unholy pain and torment.
You can survive without breathing.


Message History

The river rat stops glowing.
The river rat bites you but does no damage.
You hit the river rat.
The river rat is severely wounded.
The river rat completely misses you.
You hit the river rat but do no damage.
The river rat is severely wounded.
The river rat misses you.
You barely miss the river rat.
The river rat is severely wounded.
The river rat bites you but does no damage.
You hit the river rat but do no damage.
The river rat is severely wounded.
The river rat bites you.
* * * LOW HITPOINT WARNING * * *
You barely miss the river rat.
The river rat is severely wounded.
The river rat twitches its whiskers.
The river rat bites you!
You die...

#...........## . .....
#.........#..# .#
..... #............###
##.# <....
#........##....##...##
.....
#....................#
.....
#.......#####.g#.....#
.##.. #.......#
#.sb...#.. #..
#######.# ###r##.....
#.. #.# #.@........
#.. .......###......
.. ..!.... ......
....... ..... ........
....g ###.### ....
##..# .... ##.))# #
#..#g# ##.#


You could see Ijyb, a river rat, a giant cockroach and a bat.

Vanquished Creatures
  Jessica (D:2)
  2 adders (D:2)
  A dart slug (D:1)
  A leopard gecko (D:1)
  An orc (D:3)
  A giant cockroach (D:1)
  18 goblins
  8 hobgoblins
  A ball python (D:1)
  6 bats
  4 frilled lizards
  7 kobolds
  8 rats
59 creatures vanquished.

Notes
Turn   | Place    | Note
-------+----------+-------------------------------------------
     0 | D:1      | Borgoz the Ghoul Enchanter began the quest for the Orb.
     0 | D:1      | Reached XP level 1. HP: 14/14 MP: 2/2
    23 | D:1      | Reached skill level 1 in Short Blades
   342 | D:1      | Reached XP level 2. HP: 20/20 MP: 3/3
   747 | D:1      | Reached skill level 1 in Armour
   876 | D:1      | Found a shattered altar of Ashenzari.
   895 | D:1      | Became a worshipper of Ashenzari the Shackled
   928 | D:1      | Reached XP level 3. HP: 27/27 MP: 4/4
  1225 | D:2      | Learned a level 2 spell: Ensorcelled Hibernation
  1283 | D:2      | Noticed Jessica
  1312 | D:2      | Killed Jessica
  1312 | D:2      | Reached skill level 1 in Fighting
  1312 | D:2      | Reached XP level 4. HP: 23/35 MP: 0/5
  1627 | D:3      | Noticed Robin
  1914 | D:3      | Noticed Ijyb
  1916 | D:3      | Found a glowing drain.
  1949 | D:3      | HP: 1/35 [river rat (7)]
  1958 | D:3      | Slain by a river rat

Skill      XL: |  1  2  3  4 |
---------------+-------------+-----
Short Blades   | 1 2 |  2.0
Dodging        | 2 |  2.8
Armour         | 1 2 |  2.0
Fighting       | 1 |  1.4
Stealth        | |  3.2
Spellcasting   | |  1.7
Hexes          | |  2.4

Action                   |  1- 3 |  4- 6 || total
-------------------------+-------+-------++-------
Melee: Dagger            |   165 |   124 ||   289
 Cast: Ensorcelled Hiber |     1 |     1 ||     2
       Corona            |     1 |     1 ||     2
  Use: Potion            |       |     5 ||     5
       Scroll            |       |     1 ||     1
 Stab: Sleeping          |     3 |     1 ||     4
  Eat: Chunk             |     5 |    11 ||    16
Armor: Robe              |    48 |    65 ||   113
Dodge: Dodged            |    94 |   130 ||   224
